 Dungeon Crawl Stone Soup version 0.17-a0-1230-g8afc29e (webtiles) character file.

95 Brandom the Cudgeler (level 4, 28/28 HPs)
             Began as a Gargoyle Fighter on June 4, 2015.
             Got out of the dungeon alive.
             The game lasted 00:04:14 (1329 turns).

Brandom the Cudgeler (Gargoyle Fighter)             Turns: 1329, Time: 00:04:14

Health: 28/28      AC: 10    Str: 20    XL:     4   Next: 65%
Magic:  4/4        EV:  7    Int:  9    God:
Gold:   84         SH:  9    Dex:  9    Spells: 0 memorised, 3 levels left

rFire  . . .     SeeInvis .     a - +0 flail
rCold  . . .     Clarity  .     b - +0 scale mail
rNeg   + . .     SustAt   +     c - +0 shield
rPois  ∞         Gourm    .     (no helmet)
rElec  +         Spirit   .     (no cloak)
rCorr  .         Warding  .     (no gloves)
rMut   .         Stasis   .     (no boots)
MR     .....                    (no amulet)
Stlth  ..........               (no ring)
                                n - ring of sustain attributes

@: not resistant to hostile enchantments, extremely unstealthy
A: negative energy resistance 1, electricity resistance, unbreathing,
petrification resistance, rot immunity, AC +3
a: no special abilities


You escaped.
You were near starving.

You visited 1 branch of the dungeon, and saw 2 of its levels.

You collected 84 gold pieces.

Inventory:

Hand weapons
 a - a +0 flail (weapon)
 m - a +0 flail
Armour
 b - a +0 scale mail (worn)
 c - a +0 shield (worn)
Jewellery
 n - a ring of sustain attributes (left hand)
Magical devices
 l - a wand of polymorph (16)
Scrolls
 f - 2 scrolls of teleportation {unknown}
 k - a scroll of identify {unknown}
 o - a scroll of noise {unknown}
Potions
 d - a potion of might
 g - 2 potions of heal wounds {unknown}
 j - a potion of mutation {unknown}
Comestibles
 e - 2 bread rations
 h - a meat ration
 i - a royal jelly


   Skills:
 + Level 3.3 Fighting
 + Level 4.2 Maces & Flails
 - Level 3.4 Armour
 - Level 0.1 Dodging
 - Level 0.2 Stealth
 - Level 3.6 Shields


You had 3 spell levels left.
You didn't know any spells.

Dungeon Overview and Level Annotations

Branches:
Dungeon (2/15)

Altars:
Trog


Innate Abilities, Weirdness & Mutations

You are resistant to torment.
Your stone body is resilient (AC +3).
You are immune to poison.
You resist negative energy.
You are resistant to electric shocks.
You can survive without breathing.
You are immune to petrification.
You are immune to rotting.


Message History

No target in view!
Quiver which item? (- for none, * to show all) (? for menu, Esc to quit)
Okay, then.
Quiver which item? (- for none, * to show all) (? for menu, Esc to quit)
Okay, then.
Drink which item? (? for menu, Esc to quit)
Okay, then.
Unknown command.
Done exploring.
There is a stone staircase leading up here.
You climb upwards.
There is a stone staircase leading down here.
(D) Dungeon
Where to? (? - help)
Okay, then.
There is an open door, spattered with blood here.
There is a staircase leading out of the dungeon here.
You see here a stone.
Are you sure you want to leave the Dungeon?
This will make you lose the game!
You have escaped!

...# #......# #.....##.# ####
#.#.#..###.#.#.##.# #
####.#.#......#.#.##.####### #
#.......#.#####............#
#.##.#..#..######.##.#####.#
#.##.#..#...............##.#
#.##......⌠.(.⌠..###.##.##.#
#.####..#..#'#...# #.##.##.#
#####.# #..#..#@#..## #.......#
.÷....# #..#..###..## ####.####
......####....⌠...⌠..# #.#
.....##..............######.####
#######.##.#.#.....#...........#
##.##.#.#########.#.##.##.#
#.....#.# #.#.##.##.# #..####.#
#.#....##.# ######..####.#######
#.#.##.##.#


There were no monsters in sight!

Vanquished Creatures
  4 adders (D:2)
  An ooze (D:2)
  A worm (D:2)
  6 giant geckos
  3 bats
  3 goblins (D:2)
  13 hobgoblins
  3 jackals (D:1)
  2 giant cockroaches (D:1)
  3 giant newts
  6 kobolds
  6 rats
51 creatures vanquished.

Notes
Turn   | Place    | Note
--------------------------------------------------------------
     0 | D:1      | Brandom the Gargoyle Fighter began the quest for the Orb.
     0 | D:1      | Reached XP level 1. HP: 14/14 MP: 1/1
    48 | D:1      | Reached XP level 2. HP: 14/19 MP: 2/2
   676 | D:2      | Reached XP level 3. HP: 18/23 MP: 3/3
   858 | D:2      | Reached XP level 4. HP: 18/28 MP: 4/4
  1047 | D:2      | Reached skill level 4 in Maces & Flails
  1056 | D:2      | Found a bloodstained altar of Trog.
  1329 | D:$      | Got out of the dungeon alive.

Vault maps used:
D:1:      scummos_arrival_simple_fountains
D:2:      grunt_ministairs_2, trog_hazing_becter

Action                   |  1- 3 |  4- 6 || total
-------------------------+-------+-------++-------
Melee: Flail             |   146 |    87 ||   233
